 Dungeon Crawl Stone Soup version 0.20.1-1-g8b1a95d (webtiles) character file.

256 Ymberti the Firebug (level 5, 0/28 HPs)
             Began as a Deep Elf Fire Elementalist on Sept 17, 2017.
             Slain by an iguana (6 damage)
             ... on level 3 of the Dungeon.
             The game lasted 00:10:14 (2176 turns).

Ymberti the Firebug (Deep Elf Fire Elementalist)    Turns: 2176, Time: 00:10:15

Health: 0/28       AC:  5    Str:  3 (5)  XL:     5   Next: 92%
Magic:  2/13       EV: 13    Int: 19 (21) God:
Gold:   117        SH:  0    Dex: 14 (15) Spells: 6/12 levels left

rFire    . . .     SeeInvis .   h - +2 whip (elec)
rCold    . . .     Gourm    .   (no shield)
rNeg     . . .     Faith    .   a - +0 robe
rPois    +         Spirit   .   e - +2 helmet
rElec    .         Reflect  .   (no cloak)
rCorr    .         Harm     .   (no gloves)
MR       .....                  (no boots)
Stlth    ++........             (no amulet)
Regen    0.1/turn               m - ring of poison resistance
MPRegen  0.2/turn               (no ring)

@: berserk cooldown, slowed, very slow
A: no striking features
a: no special abilities


You were on level 3 of the Dungeon.
You were not hungry.

You visited 1 branch of the dungeon, and saw 3 of its levels.

You collected 117 gold pieces.

Inventory:

Hand Weapons
 h - a +2 whip of electrocution (weapon)
Armour
 a - a +0 robe (worn)
 e - a +2 helmet (worn)
Jewellery
 m - a ring of poison resistance (left hand)
Wands
 f - a wand of flame (14/48)
Scrolls
 d - a scroll of magic mapping {unknown}
 j - a scroll of enchant weapon
Potions
 k - a potion of berserk rage
 l - a potion of curing {unknown}
 n - a potion of brilliance {unknown}
Books
 b - a book of Flames

   Spells                             Type                      Level
   a - Flame Tongue                   Conjuration/Fire             1
   b - Throw Flame                    Conjuration/Fire             2
   c - Conjure Flame                  Conjuration/Fire             3
   d - Inner Flame                    Hexes/Fire                   3
   e - Sticky Flame                   Conjuration/Fire             4
   f - Fireball                       Conjuration/Fire             5
Comestibles
 c - 4 bread rations
 i - 2 meat rations
 o - a royal jelly


   Skills:
 + Level 0.5 Fighting
 + Level 1.3 Maces & Flails
 + Level 3.2 Dodging
 + Level 3.6 Stealth
 + Level 4.4 Spellcasting
 + Level 2.8 Conjurations
 + Level 4.5 Fire Magic


You had 6 spell levels left.
You knew the following spells:

 Your Spells              Type           Power        Failure   Level  Hunger
a - Flame Tongue          Conj/Fire      ###..        2%          1    None
b - Throw Flame           Conj/Fire      ###...       4%          2    #......
c - Conjure Flame         Conj/Fire      ###.....     9%          3    ###....


Dungeon Overview and Level Annotations

Branches:
Dungeon (3/15)

Altars:
Xom


Message History

You are exhausted.
You feel yourself slow down.
Casting: Flame Tongue
Confirm with . or Enter, or press ? or * to list all spells.
Aiming: Conjure Flame
Press: ? - help, Dir - move target cursor The fire ignites!
Casting: Conjure Flame
Confirm with . or Enter, or press ? or * to list all spells.
Aiming: Flame Tongue
Press: ? - help, Shift-Dir - straight line, f - iguana
Aim: an iguana The flame tongue hits the iguana.
The iguana is lightly wounded.
The iguana barely misses you.
It was a potion of degeneration.
There was something very wrong with that liquid.
You feel weakened.
You feel dopey.
You feel clumsy. The iguana bites you.
You die...

#.# #.# ..# # #.# #.#
#.#### #.# #.# .....#
#.# #.# #.##.# #.#
#.#.##.##.#############
#<#
#......................
#.#
###.##.##.######...####
#.# #.##.##.# ###.#.#
#. #.# #...@l..#
#...#..... #.###
####.#### #.#####...
#...# #.# #...#.....
###.# #.# ###.#.# #.
#.# #.###### #...# #
#.# #......# ##.## #.#
##.....# #.#
#.########.###.# #.# #
#...[......# #.# #.# #


You could see an iguana.

Vanquished Creatures
  An ice beast (D:3)
  The ghost of vatarom the Caller, an amateur DrSu of Ashenzari (D:3)
  2 adders (D:3)
  2 worms
  3 dart slugs (D:1)
  A leopard gecko (D:1)
  7 bats
  4 giant cockroaches
  4 hobgoblins
  A quokka (D:3)
  2 frilled lizards (D:1)
  6 goblins
  12 kobolds
  8 rats
54 creatures vanquished.

Notes
Turn   | Place    | Note
-------+----------+-------------------------------------------
     0 | D:1      | Ymberti the Deep Elf Fire Elementalist began the quest for the Orb.
     0 | D:1      | Reached XP level 1. HP: 10/10 MP: 6/6
    81 | D:1      | Reached XP level 2. HP: 15/15 MP: 0/8
   501 | D:1      | Reached XP level 3. HP: 19/19 MP: 10/10
  1335 | D:2      | Found a shimmering altar of Xom.
  1756 | D:3      | Reached XP level 4. HP: 18/24 MP: 9/12
  1867 | D:3      | Learned a level 2 spell: Throw Flame
  1871 | D:3      | Learned a level 3 spell: Conjure Flame
  1900 | D:3      | Noticed an ice beast
  1909 | D:3      | Killed an ice beast
  1909 | D:3      | Reached skill level 1 in Maces & Flails
  1909 | D:3      | Reached XP level 5. HP: 28/28 MP: 3/13
  2107 | D:3      | Noticed vatarom's ghost (amateur DrSu)
  2136 | D:3      | Killed vatarom's ghost
  2176 | D:3      | Slain by an iguana

Skill      XL: |  1  2  3  4  5 |
---------------+----------------+-----
Fire Magic     | 4 |  4.5
Spellcasting   | 4 |  4.4
Maces & Flails | 1 |  1.3
Stealth        | 3 |  3.6
Conjurations   | 2 |  2.8
Dodging        | 3 |  3.2
Fighting       | |  0.5

Action                   |  1- 3 |  4- 6 || total
-------------------------+-------+-------++-------
Melee: Unarmed           |     3 |       ||     3
       Whip              |    68 |    19 ||    87
       Dagger            |     1 |       ||     1
 Cast: Flame Tongue      |    40 |    24 ||    64
       Conjure Flame     |       |     3 ||     3
       Throw Flame       |       |     1 ||     1
  Use: Potion            |     1 |     2 ||     3
       Scroll            |     4 |       ||     4
 Stab: Sleeping          |     3 |     1 ||     4
  Eat: Fruit             |     3 |     4 ||     7
Armor: Robe              |    29 |    15 ||    44
Dodge: Dodged            |    92 |    19 ||   111
